 Dungeon Crawl Stone Soup version 0.18.1-8-gdd0e5ea (webtiles) character file.

501 Television the Ruffian (level 6, -2/51 HPs)
             Began as a Mummy Monk on May 31, 2016.
             Splashed by a jelly's acid (9 damage)
             ... on level 5 of the Dungeon.
             The game lasted 00:13:10 (5844 turns).

Television the Ruffian (Mummy Monk)                 Turns: 5844, Time: 00:13:11

Health: -2/51      AC:  2    Str: 17    XL:     6   Next: 95%
Magic:  6/6        EV: 13    Int:  9    God:
Gold:   102        SH:  0    Dex: 14    Spells: 0 memorised, 5 levels left

rFire  x . .     SeeInvis .       - Unarmed
rCold  + . .     Gourm    .     (no armour)
rNeg   + + +     Faith    .     (no shield)
rPois  ∞         Spirit   .     (no helmet)
rElec  .         Dismiss  .     d - +0 cloak
rCorr  .         Reflect  .     l - +0 pair of gloves
SustAt .         Harm     .     (no boots)
MR     .....                    (no amulet)
Stlth  ++........               (no ring)
                                (no ring)

@: not resistant to hostile enchantments, unstealthy
A: no food or potions, fire vulnerability, cold resistance 1, negative energy
resistance 3, torment resistance, unbreathing
a: no special abilities


You were on level 5 of the Dungeon.
You were not hungry.

You visited 1 branch of the dungeon, and saw 5 of its levels.

You collected 102 gold pieces.

Inventory:

Armour
 d - a +0 cloak (worn)
 l - a +0 pair of gloves (worn)
Scrolls
 a - a scroll of random uselessness {unknown}
 b - a scroll of enchant weapon {unknown}
 c - a scroll of teleportation {unknown}
 e - a scroll of remove curse {unknown}
 f - a scroll of magic mapping {unknown}
 g - 3 scrolls of identify {unknown}
 h - 2 scrolls of amnesia {unknown}
 i - a scroll of blinking {unknown}
 j - a scroll of fog {unknown}
 k - a scroll of enchant armour {unknown}


   Skills:
 * Level 5.4 Fighting
 - Level 2.4 Dodging
 - Level 2.2 Stealth
 * Level 5.6 Unarmed Combat


You had 5 spell levels left.
You didn't know any spells.

Dungeon Overview and Level Annotations

Branches:
Dungeon (5/15)
 Temple: D:4-7

Altars:
Elyvilon
Pakellas

Annotations:
D:3 Jessica; Liquid's ghost, amateur FoAK
D:5 exclusion: upstairs


Innate Abilities, Weirdness & Mutations

You do not eat or drink.
Your flesh is vulnerable to fire.
You are immune to poison.
Your flesh is cold resistant.
You are immune to negative energy.
You are immune to unholy pain and torment.
You can survive without breathing.


Message History

You hit the centaur.
The centaur is almost dead.
The centaur hits you.
* * * LOW HITPOINT WARNING * * *
The jelly barely misses you. The centaur hits you.
* * * LOW HITPOINT WARNING * * *
You closely miss the centaur.
The centaur is almost dead.
The centaur closely misses you. The jelly barely misses you.
You hit the centaur.
The centaur is almost dead.
The centaur hits you.
* * * LOW HITPOINT WARNING * * *
The jelly closely misses you.
You punch the centaur!
You kill the centaur!
The jelly hits you.
* * * LOW HITPOINT WARNING * * *
You are splashed with acid!
The acid burns!
You die...

#.. ._ .. ###
#.##.######
#.#.......#
##.##......#
#.J)######.#
#.♣@#...)..#
#..!#......#
###.##......#
#.(.....###.#
#######..##.#
##.##.#
#..#'###
#..|...#
#......#


You could see a jelly.

Vanquished Creatures
  A centaur (D:5)
  Blork the orc (D:5)
  A scorpion (D:5)
  A crimson imp (D:5)
  An orc wizard (D:2)
  2 hounds
  2 worker ants
  5 adders
  An adder zombie (D:4)
  A worm (D:2)
  4 dart slugs
  A giant gecko (D:4)
  3 orcs
  A ball python (D:2)
  6 giant cockroaches
  4 goblins
  14 hobgoblins
  2 jackals (D:2)
  A quokka (D:4)
  15 bats
  A giant newt (D:2)
  4 kobolds
  11 rats
83 creatures vanquished.

Notes
Turn   | Place    | Note
--------------------------------------------------------------
     0 | D:1      | Television the Mummy Monk began the quest for the Orb.
     0 | D:1      | Reached XP level 1. HP: 18/18 MP: 1/1
   659 | D:1      | Reached XP level 2. HP: 7/24 MP: 2/2
  1621 | D:1      | Reached XP level 3. HP: 18/29 MP: 3/3
  2574 | D:2      | Reached XP level 4. HP: 35/35 MP: 4/4
  3774 | D:3      | Noticed Jessica
  3790 | D:3      | Noticed Liquid's ghost (amateur FoAK)
  3872 | D:2      | Reached XP level 5. HP: 16/42 MP: 5/5
  4214 | D:4      | Found an oddly glowing altar of Pakellas.
  4962 | D:4      | Noticed an ogre
  5081 | D:5      | Entered Level 5 of the Dungeon
  5100 | D:5      | Reached skill level 5 in Unarmed Combat
  5124 | D:5      | Reached XP level 6. HP: 19/49 MP: 6/6
  5707 | D:5      | Noticed Blork the orc
  5723 | D:5      | Killed Blork the orc
  5723 | D:5      | Reached skill level 5 in Fighting
  5830 | D:5      | Found a white marble altar of Elyvilon.
  5844 | D:5      | Splashed by a jelly's acid

Skill      XL: |  1  2  3  4  5  6 |
---------------+-------------------+-----
Unarmed Combat | 4 5 |  5.6
Stealth        | 2 |  2.2
Fighting       | 4 5 |  5.4
Dodging        | |  2.4

Action                   |  1- 3 |  4- 6 || total
-------------------------+-------+-------++-------
Melee: Unarmed           |   135 |   237 ||   372
       Punch             |     1 |     7 ||     8
 Stab: Sleeping          |     3 |     2 ||     5
Armor: Skin              |    24 |    11 ||    35
Dodge: Dodged            |   140 |   133 ||   273
